Map: Old Sun Temple LE

Players

smartcraft

  • Race: Protoss Protoss
  • League: Platinum

PokerLemon - Winner!

  • Race: Protoss Protoss
  • League: Master

VOD

Have the link to the VOD?

Description

Time

  • Played on: Sept. 2, 2026, noon
  • Length: 3:46
Show
View Real Time Build Order
Export as new Build Order

smartcraft Protoss 

Build Orders:  

Get SALT Encoding   

  8  0:00  Probe (Chrono Boost)  
  9  0:11  Probe (Chrono Boost)  
  10  0:18  Probe  
  11  0:30  Probe  
  12  0:41  Pylon  
  12  0:42  Probe  
  13  0:52  Assimilator  
  13  1:00  Gateway  
  13  1:04  Probe (Chrono Boost)  
  14  1:16  Probe (Chrono Boost)  
  15  1:24  Forge  
  15  1:26  Probe  
  16  1:38  Probe  
  17  1:42  Assimilator  
  17  1:50  Probe  
  18  2:02  Probe  
  18  2:05  Pylon  
  19  2:14  Probe (Chrono Boost)  
  20  2:20  Cybernetics Core  
  20  2:25  Probe (Chrono Boost)  
  21  2:33  Pylon  
  21  2:43  Pylon  
  20  2:54  Probe  
  23  3:01  Nexus  
  23  3:06  Probe (Chrono Boost)  
  22  3:21  Robotics Facility  
  22  3:23  Stargate, Probe (Chrono Boost)  
  25  3:42  Pylon  
Show
View Real Time Build Order
Export as new Build Order

PokerLemon Protoss - Winner!

Build Orders:  

Get SALT Encoding   

  8  0:00  Probe (Chrono Boost)  
  9  0:12  Probe (Chrono Boost)  
  10  0:21  Probe (Chrono Boost)  
  11  0:29  Pylon  
  11  0:33  Probe  
  12  0:45  Probe  
  13  0:53  Gateway  
  13  0:58  Probe  
  14  1:05  Assimilator  
  14  1:10  Probe (Chrono Boost)  
  15  1:20  Probe (Chrono Boost)  
  15  1:25  Probe (Chrono Boost)  
  17  1:40  Cybernetics Core  
  17  1:44  Pylon  
  17  1:48  Probe  
  18  2:00  Probe  
  19  2:12  Probe  
  20  2:17  Stalker  
  22  2:27  Nexus  
  22  2:34  Probe  
  23  2:44  Stalker  
  23  2:46  Probe  
  26  2:52  Pylon  
  26  3:10  Gateway  
  26  3:12  Robotics Facility  
  26  3:14  Probe  
  27  3:26  Probe  
Tags
 
Add a new tag
Caveats
  • Supply blocks, unpowered buildings, or Contaminate may cause inaccurate times.
  • Supply counts are checked every 10 seconds.